 Dungeon Crawl Stone Soup version 0.28-a0-1624-g820543e53a (webtiles) character file.

Game seed: 17496477262156651971

1236 soggyman666 the Magician (level 8, -1/50 HPs)
             Began as a Djinni Air Elementalist on Jan 23, 2022.
             Killed by their own static electricity (2 damage)
             ... on level 5 of the Dungeon.
             The game lasted 00:14:44 (6266 turns).

soggyman666 the Magician (Djinni Air Elementalist)  Turns: 6266, Time: 00:14:45

Health: -1/50      AC:  2    Str:  7    XL:     8   Next: 78%
Gold:   247        EV: 13    Int: 19    God:
                   SH:  0    Dex: 14

rFire   + + .      SeeInvis .   (no weapon)
rCold   x . .      Faith    .   (no shield)
rNeg    . . .      Spirit   .   a - +0 robe
rPois   ∞          Reflect  .   (no helmet)
rElec   .          Harm     .   (no cloak)
rCorr   .          Rampage  .   (no gloves)
Will    .....                   (boots unavailable)
Stlth   ++........              (no amulet)
HPRegen 0.16/turn               e - ring of wizardry
MPRegen 0.00/turn               (no ring)

@: flying, very slightly contaminated, studying Unarmed Combat
A: sickness immunity, fire resistance 2, cold vulnerability 1, float, innate
caster, hp casting, extra vitality 1
a: no special abilities


You were on level 5 of the Dungeon.
You visited 1 branch of the dungeon, and saw 5 of its levels.

You collected 247 gold pieces.

Inventory:

Missiles
 c - 2 throwing nets
Armour
 a - a +0 robe (worn)
Jewellery
 e - a ring of wizardry (left hand)
 h - a ring of fire
Wands
 f - a wand of acid (6)
Scrolls
 b - 2 scrolls of teleportation
 g - a scroll of blinking
 i - 2 scrolls of enchant armour {unknown}
 m - a scroll of magic mapping {unknown}
 n - a scroll of brand weapon {unknown}
Potions
 d - a potion of degeneration {unknown}
 j - a potion of mutation {unknown}
 k - a potion of invisibility {unknown}
 l - a potion of attraction {unknown}


   Skills:
 + Level 3.3 Dodging
 - Level 1.8 Stealth
 + Level 7.2 Spellcasting
 - Level 3.3 Evocations


You had 5 spell levels left.
You knew the following spells:

 Your Spells              Type           Power      Damage    Failure   Level
a - Shock                 Conj/Air       100%       1d9       1%          1
b - Static Discharge      Conj/Air       34%        N/A       1%          2
c - Swiftness             Air            34%        N/A       1%          3
d - Airstrike             Air            17%        N/A       1%          4
e - Slow                  Hex            100%       N/A       1%          1
f - Blink                 Tloc           68%        N/A       1%          2
g - Confusing Touch       Hex            34%        N/A       1%          3
Your spell library was empty.

Dungeon Overview and Level Annotations

Branches:
Dungeon (5/15)
 Temple: D:4-7

Altars:

Annotations:
D:5 Duvessa


Innate Abilities, Weirdness & Mutations

You are immune to sickness and miasma.
You are immune to poison.
Your flesh is very heat resistant. (rF++)
You are vulnerable to cold. (rC-)
You float through the air rather than walking.
You learn spells naturally, not from books.
Your magical power is your life essence.
You have superior vitality. (+4 MHP)


Message History

You hear a bark!
A hound comes into view.
The hound moves out of view.
Casting: Airstrike (dangerous; 2% risk of failure)
Confirm with . or Enter, or press ? or * to list all spells.
Aiming: Airstrike (dangerous; 2% risk of failure)
Press: ? - help, Dir - move target, f/p - necrophage
Aim: a necrophage (moderately damaged, empty space bonus: 1/8)
The air twists around and strikes the necrophage!
The necrophage is severely damaged.
Casting: Airstrike (dangerous; 2% risk of failure)
Confirm with . or Enter, or press ? or * to list all spells.
Aiming: Airstrike (dangerous; 2% risk of failure)
Press: ? - help, Dir - move target, f/p - necrophage
Aim: a necrophage (severely damaged, empty space bonus: 4/8)
The air twists around and strikes the necrophage!
You destroy the necrophage!
An adder comes into view.
Casting: Airstrike (dangerous; 1% risk of failure)
Confirm with . or Enter, or press ? or * to list all spells.
Aiming: Airstrike (dangerous; 1% risk of failure)
Press: ? - help, Dir - move target, f - Duvessa
Aim: Duvessa, wielding a +0 short sword and wearing a +0 ring mail (berserk, empty space bonus: 4/8)
The air twists around and strikes Duvessa.
Duvessa is lightly wounded.
Casting: Airstrike (dangerous; 1% risk of failure)
Confirm with . or Enter, or press ? or * to list all spells.
Aiming: Airstrike (dangerous; 1% risk of failure)
Press: ? - help, Dir - move target, f/p - Duvessa
Aim: Duvessa, wielding a +0 short sword and wearing a +0 ring mail (lightly wounded, berserk, empty space bonus: 7/8)
The air twists around and strikes Duvessa!
Duvessa is moderately wounded.
Duvessa hits you with a +0 short sword!
* * * LOW HITPOINT WARNING * * *
Casting: Airstrike (dangerous; 1% risk of failure)
Confirm with . or Enter, or press ? or * to list all spells.
Duvessa is struck by an arc of lightning.
Duvessa is moderately wounded.
You are struck by an arc of lightning.
You die...

###.# :..# #..#######
...).$.... ##....###..
#### #.####.<........
#.. ...†....).......
... ................
#.# #.#####.@eh##.. #.#
#.# #..).!S... #.# #.##
##..#.###. ####.# #..#
#....#
.....####..#####.##.#
####.........^...##..
#.####)................
#.....#.##....##.##...#
#####.#....##.##.##.#.#


You could see Duvessa (berserk), a hound and an adder.

Vanquished Creatures
  A yak (D:4)
  Menkaure (D:4)
  2 necrophages
  An ice beast (D:4)
  2 ogres (D:4)
  A phantom (D:4)
  Blork the orc (D:4)
  Dowan (D:5)
  An orc priest (D:4)
  Terence (D:2)
  4 orc wizards (D:4)
  7 gnolls
  5 adders
  An adder skeleton (D:4)
  2 worms (D:2)
  2 dart slugs
  12 orcs
  10 endoplasms
  6 giant cockroaches
  6 goblins
  3 hobgoblins
  3 jackals (D:2)
  3 quokkas
  5 ball pythons
  8 bats
  A frilled lizard (D:3)
  6 kobolds
  6 rats
102 creatures vanquished.

Vanquished Creatures (others)
  2 demonic plants (D:2)
  7 plants (D:4)
9 creatures vanquished.

Grand Total: 111 creatures vanquished

Notes
Turn   | Place    | Note
-------+----------+-------------------------------------------
     0 | D:1      | soggyman666 the Djinni Air Elementalist began the quest for
                  | the Orb.
     0 | D:1      | Reached XP level 1. HP: 15/15 MP: 0/0
   294 | D:1      | Reached XP level 2. HP: 17/21 MP: 0/0
   901 | D:2      | Reached skill level 3 in Spellcasting
   958 | D:2      | Found a faded altar of an unknown god.
   958 | D:2      | Noticed a reaper
   974 | D:2      | Reached XP level 3. HP: 23/25 MP: 0/0
   974 | D:2      | Learned a level 1 spell: Slow
  1549 | D:2      | Noticed Terence
  1560 | D:2      | Killed Terence
  1561 | D:2      | Reached XP level 4. HP: 6/31 MP: 0/0
  2539 | D:3      | Reached XP level 5. HP: 33/35 MP: 0/0
  2539 | D:3      | Learned a level 2 spell: Blink
  2582 | D:3      | Reached skill level 1 in Evocations
  2616 | D:3      | Reached skill level 4 in Spellcasting
  3659 | D:4      | Noticed an ogre
  3686 | D:4      | Noticed a yak
  3692 | D:4      | Noticed an ice beast
  3801 | D:4      | Noticed Blork the orc
  3807 | D:4      | Killed Blork the orc
  3808 | D:4      | Reached XP level 6. HP: 29/40 MP: 0/0
  3810 | D:4      | Killed an ogre
  4040 | D:4      | Killed a yak
  4041 | D:4      | Reached skill level 5 in Spellcasting
  4041 | D:4      | Reached XP level 7. HP: 19/45 MP: 0/0
  4041 | D:4      | Learned a level 3 spell: Confusing Touch
  4951 | D:4      | Reached skill level 6 in Spellcasting
  5129 | D:4      | Reached XP level 8. HP: 33/50 MP: 0/0
  5649 | D:4      | Noticed Menkaure
  5652 | D:4      | Killed Menkaure
  5873 | D:4      | You are sucked into a shaft and drop 1 floor!
  5873 | D:5      | Entered Level 5 of the Dungeon
  6257 | D:5      | Noticed Dowan
  6259 | D:5      | Noticed Duvessa
  6260 | D:5      | Killed Dowan
  6261 | D:5      | Reached skill level 7 in Spellcasting
  6266 | D:5      | Killed from afar by themself

Illustrated notes

Levels and vault maps discovered:
D:1:      dpeg_arrival_boxorama, layout_rooms
D:2:      layout_loops_ring, dreamdust_ecumenical_altar_sealed_demon,
          minmay_misc_feat_enclosed, uniq_terence
D:3:      layout_basic
D:4:      layout_rooms, serial_bayou_pond_a,
          hangedman_abyss_or_decor_jellyfish_corner,
          chequers_serial_rivers_marsh, minmay_misc_feat_doors,
          minmay_manual_mess, uniq_blork_the_orc, uniq_menkaure
D:5:      layout_loops_ring, kennysheep_generic_room_5, uniq_duvessa

Skill      XL: |  1  2  3  4  5  6  7  8 |
---------------+-------------------------+-----
Spellcasting   | 3 4 5 6 7 |  7.2
Evocations     | 1 2 3 |  3.3
Dodging        | 3 |  3.3
Stealth        | |  1.8

Action                   |  1- 3 |  4- 6 |  7- 9 || total
-------------------------+-------+-------+-------++-------
Melee: Unarmed           |       |       |     2 ||     2
 Cast: Shock             |    67 |    62 |    23 ||   152
       Static Discharge  |     5 |     2 |       ||     7
       Slow              |       |    12 |     2 ||    14
       Airstrike         |       |    15 |    43 ||    58
       Swiftness         |       |     2 |     1 ||     3
       Blink             |       |       |     1 ||     1
       Confusing Touch   |       |       |     1 ||     1
  Use: Scroll            |     1 |     2 |       ||     3
Armor: Robe              |     1 |       |     3 ||     4
Dodge: Dodged            |     9 |     4 |    34 ||    47

Table legend: (Time is in decaauts)
 A = Elapsed time spent in this place.
 B = Non-inter-level travel time spent in this place.
 C = Inter-level travel time spent in this place.
 D = Time resting spent in this place.
 E = Time spent auto-exploring this place.
 F = Levels seen in this place.
 G = Mean time per level.
                   A        B        C        D        E       F      G
               +--------+--------+--------+--------+--------+-----+--------+
         Total |   6272 |   6049 |    223 |    900 |   4578 |   5 | 1254.4 |
       Dungeon |   6272 |   6049 |    223 |    900 |   4578 |   5 | 1254.4 |
               +--------+--------+--------+--------+--------+-----+--------+

Top non-repeatable levels by time:
     D:3: 2040 daAuts
     D:4: 1823 daAuts
     D:2: 1467 daAuts
     D:1: 849 daAuts
     D:5: 90 daAuts
